 Dungeon Crawl Stone Soup version 0.30-a0-989-g0d87f670db (webtiles) character file.

Game seed: 17297830355328558818

46 Jeffwins the Chucker (level 3, -1/27 HPs)
             Began as a Human Wanderer on Apr 3, 2023.
             Slain by a gnoll
             ... wielding a +0 halberd
              (13 damage)
             ... on level 2 of the Dungeon.
             The game lasted 00:01:45 (1530 turns).

Jeffwins the Chucker (Human Wanderer)               Turns: 1530, Time: 00:01:46

Health: -1/27      AC:  5    Str: 15    XL:     3   Next: 95%
Magic:  4/4        EV: 11    Int: 13    God:
Gold:   73         SH:  0    Dex: 10    Spells: 3/3 levels left

rFire   . . .      SeeInvis .    a - +3 dagger
rCold   . . .      Faith    .    (no shield)
rNeg    . . .      Spirit   .    e - +0 leather armour
rPois   +          Reflect  .    (no helmet)
rElec   .          Rampage  .    r - +0 cloak
rCorr   .                        f - +0 pair of gloves
Will    .....                    (no boots)
Stlth   +                        (no amulet)
HPRegen 0.24/turn                P - ring of poison resistance
MPRegen 0.09/turn                (no ring)

@: no status effects
A: no striking features
a: no special abilities


You were on level 2 of the Dungeon.
You visited 1 branch of the dungeon, and saw 3 of its levels.

You collected 73 gold pieces.


   Skills:
 + Level 2.2 Fighting
 * Level 1.5 Short Blades
 - Level 1.0 Maces & Flails
 * Level 0.8 Ranged Weapons
 + Level 5.2 Throwing
 - Level 1.0 Armour
 + Level 1.0 Stealth
 + Level 0.7 Spellcasting
 - Level 1.0 Invocations


You had 3 spell levels left.
You didn't know any spells.
Your spell library contained the following spells:

 Spells                   Type           Power      Damage    Failure   Level
 Freeze                   Ice            0%         1d3       34%         1
 Frozen Ramparts          Ice            0%         1d1       71%         3
 Hailstorm                Conj/Ice       0%         3d3       71%         3

Inventory:

Hand Weapons
 a - a +3 dagger (weapon)
 b - a +0 shortbow
 c - a +0 mace
Missiles
 j - 11 poisoned darts
 n - 2 curare-tipped darts {=f}
Armour
 e - a +0 leather armour (worn)
 f - a +0 pair of gloves (worn)
 r - a +0 cloak (worn)
Jewellery
 P - a ring of poison resistance (left hand)
Wands
 m - a wand of quicksilver (12)
Scrolls
 d - 2 scrolls of fog
 h - a scroll of teleportation {unknown}
 i - a scroll of vulnerability {!r}
 o - a scroll of noise {unknown}
 p - a scroll of fear {unknown}
 q - a scroll of poison {unknown}
 s - a scroll of enchant armour {unknown}
 t - a scroll of blinking
Potions
 g - 2 potions of heal wounds {unknown}
 k - a potion of brilliance {unknown}
 l - a potion of degeneration {unknown}

Dungeon Overview and Level Annotations

Branches:
Dungeon (3/15)

Altars:

################
#..@g..........#
#.#..#########.#####
#.##................
#.#############..###
#.# ##.... #.# ####.
#.# ## #.# #.#


You could see a gnoll.


Message History

b - a +0 shortbow (weapon)
The gnoll shouts!
You shoot an arrow. The arrow barely misses the gnoll.
The gnoll shouts!
Unknown command.
You shoot an arrow. The arrow hits the gnoll.
The gnoll is heavily wounded.
You hear the slow rusting of a distant drain.
You shoot an arrow. The arrow hits the gnoll.
The gnoll is severely wounded.
You shoot an arrow. The arrow barely misses the gnoll.
You shoot an arrow.
The arrow hits the gnoll but does no damage.
The gnoll is severely wounded.
The gnoll hits you from afar with a +0 halberd.
The gnoll barely misses you.
There is a stone staircase leading up here.
The gnoll hits you with a +0 halberd.
There is a stone staircase leading up here.
The gnoll hits you with a +0 halberd!
* * * LOW HITPOINT WARNING * * *
The gnoll closely misses you.
You climb upwards.
There is a stone staircase leading down here.
Unknown command.
a - a +3 dagger (weapon)
You hit the gnoll.
The gnoll is almost dead.
The gnoll hits you with a +0 halberd!
You die...

Skill      XL: |  1  2  3 |
---------------+----------+-----
Short Blades   | 1 |  1.5
Stealth        | 1 |  1.0
Fighting       | |  2.2
Maces & Flails | |  1.0
Ranged Weapons | |  0.8
Throwing       | |  5.2
Armour         | |  1.0
Spellcasting   | |  0.7
Invocations    | |  1.0

Action                     || total
---------------------------++-------
  Melee: Dagger            ||    77
   Fire: Shortbow          ||     5
    Use: Scroll            ||     2
   Stab: Distracted        ||     1
 Armour: Leather armour    ||    18
  Dodge: Dodged            ||    42

Levels and vault maps discovered:
D:1:      dpeg_arrival_water_fire, layout_rooms
D:2:      layout_basic
D:3:      layout_loops_cross, portal_sewer_entry_d, uniq_jessica

Notes
Turn   | Place    | Note
-------+----------+-------------------------------------------
     0 | D:1      | Jeffwins the Human Wanderer began the quest for the Orb.
     0 | D:1      | Jeffwins set off with the following items: a +3 dagger, 2
                  | curare-tipped darts {=f}, a +0 mace, a scroll of fog, a +0
                  | leather armour.
     0 | D:1      | Reached XP level 1. HP: 16/16 MP: 1/1
   373 | D:1      | Reached XP level 2. HP: 16/22 MP: 2/2
   787 | D:2      | Reached skill level 1 in Short Blades
   845 | D:2      | Reached XP level 3. HP: 23/27 MP: 3/3
  1004 | D:2      | Reached skill level 1 in Stealth
  1530 | D:2      | Slain by a gnoll

Vanquished Creatures
  2 adders (D:2)
  A worm (D:2)
  A dart slug (D:2)
  2 bats
  3 endoplasms (D:2)
  2 giant cockroaches (D:2)
  2 goblins
  3 hobgoblins
  A quokka (D:3)
  3 ball pythons
  A frilled lizard (D:2)
  A rat (D:2)
22 creatures vanquished.

Table legend: (Time is in decaauts)
 A = Elapsed time spent in this place.
 B = Non-inter-level travel time spent in this place.
 C = Inter-level travel time spent in this place.
 D = Time resting spent in this place.
 E = Time spent auto-exploring this place.
 F = Levels seen in this place.
 G = Mean time per level.
                   A        B        C        D        E       F      G
               +--------+--------+--------+--------+--------+-----+--------+
         Total |   1526 |   1482 |     44 |      0 |   1233 |   3 |  508.7 |
       Dungeon |   1526 |   1482 |     44 |      0 |   1233 |   3 |  508.7 |
               +--------+--------+--------+--------+--------+-----+--------+

Top non-repeatable levels by time:
     D:2: 781 daAuts
     D:1: 682 daAuts
     D:3: 63 daAuts

Table legend:
 A = Non-vault XP
 B = Vault XP
 C = Vault XP percentage of total XP
 D = Non-vault monster count
 E = Vault monster count
 F = Vault count percentage of total count
                 A         B        C        D         E       F
            +---------+---------+-------+---------+---------+-------
      Total |      67 |       0 |   0.0 |      22 |       0 |   0.0
            +---------+---------+-------+---------+---------+-------
        D:1 |       9 |       0 |   0.0 |       5 |       0 |   0.0
        D:2 |      56 |       0 |   0.0 |      16 |       0 |   0.0
        D:3 |       2 |       0 |   0.0 |       1 |       0 |   0.0
            +---------+---------+-------+---------+---------+-------
